| TOP OF THE 1ST |
|
Grand Junction Rockies batting - Pitching for Kingsport Mets : RHP Wei-hong Qi
|
|
Pitching: RHP Wei-hong Qi
|
|
|
Batting: RHB Juan Figueroa
|
0-0: Ground out 3-1 (Groundball, 34, EV 80.6 MPH)
|
|
Batting: LHB Chris Salim
|
0-0: Called Strike 0-1: Swinging Strike 0-2: Ball 1-2: Ball 2-2: Foul Ball, location: 2F 2-2: Strikes out swinging
|
|
Batting: RHB Henry Alvizo
|
0-0: Foul Ball, location: 2F 0-1: Ground out 5-3 (Groundball, 5, EV 100.0 MPH)
|
| Top of the 1st over - 0 runs, 0 hits, 0 errors, 0 left on base; Grand Junction 0 - Kingsport 0 |
| BOTTOM OF THE 1ST |
|
Kingsport Mets batting - Pitching for Grand Junction Rockies : RHP Jaden Mackey
|
|
Pitching: RHP Jaden Mackey
|
|
|
Batting: SHB Jason Larson
|
0-0: Called Strike 0-1: Foul Ball, location: 2F 0-2: SINGLE (Flyball, 78M, EV 97.5 MPH)
|
|
Batting: LHB Jeremy Moorehead
|
0-0: Foul Ball, location: 2F 0-1: Ball 1-1: DOUBLE (Flyball, 8LXD, EV 91.2 MPH) Jason Larson to third
|
|
Batting: SHB Justin Wallace
|
0-0: Ground out 4-3 (Groundball, 4MD, EV 78.8 MPH) Jason Larson scores Jeremy Moorehead to third
|
|
Batting: RHB Artyom Shavkunov
|
0-0: Called Strike 0-1: Ball 1-1: Called Strike 1-2: Ball 2-2: Strikes out swinging
|
|
Batting: SHB Callum Lynch
|
0-0: Called Strike 0-1: Fly out, F8 (Line Drive, 8RD, EV 97.5 MPH)
|
| Bottom of the 1st over - 1 run, 2 hits, 0 errors, 1 left on base; Grand Junction 0 - Kingsport 1 |
| TOP OF THE 2ND |
|
Grand Junction Rockies batting - Pitching for Kingsport Mets : RHP Wei-hong Qi
|
|
Batting: SHB Bobby Santor
|
0-0: Foul Ball, location: 2F 0-1: Ball 1-1: Called Strike 1-2: Foul Ball, location: 2F 1-2: Ball 2-2: Foul Ball, location: 2F 2-2: Foul Ball, location: 2F 2-2: Ball 3-2: Reached on error, E5 (Groundball, 56, EV 106.9 MPH)
|
|
Batting: RHB Ryan Rinaldi
|
0-0: Ball 1-0: Foul Ball, location: 2F 1-1: Foul Ball, location: 2F 1-2: DOUBLE (Line Drive, 78XD, EV 112.5 MPH) Bobby Santor to third
|
|
Batting: RHB John Stevenson
|
0-0: Ball 1-0: Ball 2-0: Ground out 5-3 (Groundball, 56, EV 85.6 MPH) Bobby Santor scores
|
|
Batting: SHB Jamie Locke
|
0-0: Ground out 5-3 (Groundball, 5, EV 95.0 MPH)
|
|
Batting: RHB Kevin McKasson
|
0-0: Ball 1-0: Fly out, F1 (Line Drive, P, EV 75.0 MPH)
|
| Top of the 2nd over - 1 run, 1 hit, 1 error, 1 left on base; Grand Junction 1 - Kingsport 1 |
| BOTTOM OF THE 2ND |
|
Kingsport Mets batting - Pitching for Grand Junction Rockies : RHP Jaden Mackey
|
|
Batting: RHB Frank Shaw
|
0-0: SINGLE (Groundball, 34D, EV 108.8 MPH)
|
|
Batting: SHB Jason Caruso
|
0-0: Ball 1-0: Ball 2-0: Called Strike 2-1: Ball 3-1: Swinging Strike 3-2: Fly out, F3 (Flyball, 3D, EV 81.2 MPH)
|
|
Batting: SHB Nick Daigle
|
0-0: Ground out 4-3 (Groundball, 34D, EV 105.6 MPH) Frank Shaw to second
|
|
Batting: RHB Jack Nickleberry
|
0-0: Called Strike 0-1: Ball 1-1: Ball 2-1: Swinging Strike 2-2: Ball 3-2: Strikes out swinging
|
| Bottom of the 2nd over - 0 runs, 1 hit, 0 errors, 1 left on base; Grand Junction 1 - Kingsport 1 |
| TOP OF THE 3RD |
|
Grand Junction Rockies batting - Pitching for Kingsport Mets : RHP Wei-hong Qi
|
|
Batting: RHB Matt Cone
|
0-0: Foul Ball, location: 2F 0-1: Ball 1-1: Ball 2-1: Ground out 5-3 (Groundball, 5L, EV 103.8 MPH)
|
|
Batting: RHB Juan Figueroa
|
0-0: DOUBLE (Flyball, 8RXD, EV 98.1 MPH)
|
|
Batting: LHB Chris Salim
|
0-0: Called Strike Juan Figueroa steals 3rd base 0-1: Ball 1-1: Foul Ball, location: 2F 1-2: Ball 2-2: Strikes out swinging
|
|
Batting: RHB Henry Alvizo
|
0-0: Ball 1-0: Ball 2-0: Swinging Strike 2-1: Foul Ball, location: 2F 2-2: Strikes out swinging
|
| Top of the 3rd over - 0 runs, 1 hit, 0 errors, 1 left on base; Grand Junction 1 - Kingsport 1 |
| BOTTOM OF THE 3RD |
|
Kingsport Mets batting - Pitching for Grand Junction Rockies : RHP Jaden Mackey
|
|
Batting: SHB Jason Larson
|
0-0: Ball 1-0: SINGLE (Groundball, 34D, EV 100.0 MPH)
|
|
Batting: LHB Jeremy Moorehead
|
0-0: Called Strike 0-1: Foul Ball, location: 2F 0-2: Ball 1-2: Ball 2-2: Strikes out swinging
|
|
Batting: SHB Justin Wallace
|
0-0: Ball Jason Larson is caught stealing 2nd base 2-6 1-0: Foul Ball, location: 2F 1-1: Ball 2-1: Swinging Strike 2-2: Fly out, F8 (Flyball, 8RXD, EV 100.6 MPH)
|
| Bottom of the 3rd over - 0 runs, 1 hit, 0 errors, 0 left on base; Grand Junction 1 - Kingsport 1 |
| TOP OF THE 4TH |
|
Grand Junction Rockies batting - Pitching for Kingsport Mets : RHP Wei-hong Qi
|
|
Batting: SHB Bobby Santor
|
0-0: Called Strike 0-1: Swinging Strike 0-2: Foul Ball, location: 2F 0-2: Ball 1-2: Foul Ball, location: 2F 1-2: Foul Ball, location: 2F 1-2: Foul Ball, location: 2F 1-2: Ball 2-2: Foul Ball, location: 2F 2-2: Fly out, F8 (Flyball, 8RXD, EV 108.8 MPH)
|
|
Batting: RHB Ryan Rinaldi
|
0-0: Foul Ball, location: 2F 0-1: Called Strike 0-2: Foul Ball, location: 2F 0-2: Ball 1-2: Strikes out swinging
|
|
Batting: RHB John Stevenson
|
0-0: Called Strike 0-1: Ball 1-1: Ball 2-1: Swinging Strike 2-2: Foul Ball, location: 2F 2-2: Strikes out swinging
|
| Top of the 4th over - 0 runs, 0 hits, 0 errors, 0 left on base; Grand Junction 1 - Kingsport 1 |
| BOTTOM OF THE 4TH |
|
Kingsport Mets batting - Pitching for Grand Junction Rockies : RHP Jaden Mackey
|
|
Batting: RHB Artyom Shavkunov
|
0-0: Called Strike 0-1: Called Strike 0-2: Ball 1-2: Ball 2-2: Foul Ball, location: 2F 2-2: Ball 3-2: Base on Balls
|
|
Batting: SHB Callum Lynch
|
0-0: Ball 1-0: Fly out, F7 (Flyball, 78M, EV 92.5 MPH)
|
|
Batting: RHB Frank Shaw
|
0-0: Grounds into double play, 5-4-3 (Groundball, 56, EV 88.8 MPH)
|
| Bottom of the 4th over - 0 runs, 0 hits, 0 errors, 0 left on base; Grand Junction 1 - Kingsport 1 |
| TOP OF THE 5TH |
|
Grand Junction Rockies batting - Pitching for Kingsport Mets : RHP Wei-hong Qi
|
|
Batting: SHB Jamie Locke
|
0-0: Ground out 1-3 (Groundball, P, EV 75.0 MPH)
|
|
Batting: RHB Kevin McKasson
|
0-0: Ball 1-0: Foul Ball, location: 2F 1-1: Ground out U3 (Groundball, 3L, EV 105.0 MPH)
|
|
Batting: RHB Matt Cone
|
0-0: Ball 1-0: SINGLE (Groundball, 13S, EV 67.5 MPH) (infield hit)
|
|
Batting: RHB Juan Figueroa
|
0-0: Ball Matt Cone is caught stealing 2nd base 2-4
|
| Top of the 5th over - 0 runs, 1 hit, 0 errors, 0 left on base; Grand Junction 1 - Kingsport 1 |
| BOTTOM OF THE 5TH |
|
Kingsport Mets batting - Pitching for Grand Junction Rockies : RHP Jaden Mackey
|
|
Batting: SHB Jason Caruso
|
0-0: Ball 1-0: SOLO HOME RUN (Flyball, 7D, EV 95.0 MPH), Distance : 363 ft
|
|
Batting: SHB Nick Daigle
|
0-0: Called Strike 0-1: Ball 1-1: Called Strike 1-2: Ball 2-2: Foul Ball, location: 2F 2-2: Strikes out swinging
|
|
Batting: RHB Jack Nickleberry
|
0-0: Called Strike 0-1: Foul Ball, location: 2F 0-2: Foul Ball, location: 2F 0-2: Foul Ball, location: 2F 0-2: Strikes out looking
|
|
Batting: SHB Jason Larson
|
0-0: Called Strike 0-1: Ball 1-1: Foul Ball, location: 2F 1-2: SINGLE (Groundball, 56D, EV 111.2 MPH)
|
|
Batting: LHB Jeremy Moorehead
|
0-0: Called Strike Jason Larson steals 2nd, throwing error, E2 Jason Larson to third 0-1: Ball 1-1: Foul Ball, location: 2F 1-2: Strikes out looking
|
| Bottom of the 5th over - 1 run, 2 hits, 1 error, 1 left on base; Grand Junction 1 - Kingsport 2 |
| TOP OF THE 6TH |
|
Grand Junction Rockies batting - Pitching for Kingsport Mets : RHP Wei-hong Qi
|
|
Batting: RHB Juan Figueroa
|
0-0: Called Strike 0-1: Ground out 6-3 (Groundball, 56D, EV 91.9 MPH)
|
|
Batting: LHB Chris Salim
|
0-0: Ball 1-0: Swinging Strike 1-1: Fly out, F6 (Popup, 6D, EV 50.0 MPH)
|
|
Batting: RHB Henry Alvizo
|
0-0: Called Strike 0-1: Swinging Strike 0-2: Fly out, F4 (Flyball, 34D, EV 90.0 MPH)
|
| Top of the 6th over - 0 runs, 0 hits, 0 errors, 0 left on base; Grand Junction 1 - Kingsport 2 |
| BOTTOM OF THE 6TH |
|
Kingsport Mets batting - Pitching for Grand Junction Rockies : RHP Jaden Mackey
|
|
Batting: SHB Justin Wallace
|
0-0: Ground out 4-3 (Groundball, 4S, EV 89.4 MPH)
|
|
Batting: RHB Artyom Shavkunov
|
0-0: Ball 1-0: Ball 2-0: Foul Ball, location: 2F 2-1: Ball 3-1: Ground out 6-3 (Groundball, 6, EV 91.2 MPH)
|
|
Batting: SHB Callum Lynch
|
0-0: Ball 1-0: Ground out U3 (Groundball, 3, EV 85.6 MPH)
|
| Bottom of the 6th over - 0 runs, 0 hits, 0 errors, 0 left on base; Grand Junction 1 - Kingsport 2 |
| TOP OF THE 7TH |
|
Grand Junction Rockies batting - Pitching for Kingsport Mets : RHP Wei-hong Qi
|
|
Batting: SHB Bobby Santor
|
0-0: Called Strike 0-1: Ball 1-1: Foul Ball, location: 2F 1-2: Ball 2-2: Strikes out swinging
|
|
Batting: RHB Ryan Rinaldi
|
0-0: Ball 1-0: Ball 2-0: Called Strike 2-1: Foul Ball, location: 2F 2-2: Foul Ball, location: 2F 2-2: Strikes out swinging
|
|
Pinch Hitting: SHB Jeff Sorrels
|
0-0: Called Strike 0-1: Foul Ball, location: 2F 0-2: Ball 1-2: Single, Error in OF, E8, batter to second base (Groundball, 4D, EV 98.8 MPH)
|
|
Batting: SHB Jamie Locke
|
0-0: Ball 1-0: Foul Ball, location: 2F 1-1: Ball 2-1: DOUBLE (Line Drive, 3D, EV 98.1 MPH) Jeff Sorrels scores
|
|
Batting: RHB Kevin McKasson
|
0-0: Fly out, F7 (Line Drive, 7LM, EV 100.6 MPH)
|
| Top of the 7th over - 1 run, 2 hits, 1 error, 1 left on base; Grand Junction 2 - Kingsport 2 |
| BOTTOM OF THE 7TH |
|
Kingsport Mets batting - Pitching for Grand Junction Rockies : RHP Jaden Mackey
|
|
Pitching: LHP Ryan Morlan
|
|
|
Now in CF: Elias Urbina
|
|
|
Batting: RHB Frank Shaw
|
0-0: Ball 1-0: Fly out, F4 (Flyball, 34D, EV 89.4 MPH)
|
|
Batting: SHB Jason Caruso
|
0-0: Called Strike 0-1: Ground out 6-3 (Groundball, 56D, EV 86.9 MPH)
|
|
Batting: SHB Nick Daigle
|
0-0: Foul Ball, location: 2F 0-1: Ball 1-1: Ball 2-1: Ground out 5-3 (Groundball, 56, EV 86.9 MPH)
|
| Bottom of the 7th over - 0 runs, 0 hits, 0 errors, 0 left on base; Grand Junction 2 - Kingsport 2 |
| TOP OF THE 8TH |
|
Grand Junction Rockies batting - Pitching for Kingsport Mets : RHP Wei-hong Qi
|
|
Pitching: LHP Scott Carr
|
|
|
Batting: RHB Matt Cone
|
0-0: Called Strike 0-1: Ball 1-1: Foul Ball, location: 2F 1-2: Ball 2-2: Ball 3-2: Strikes out looking
|
|
Batting: RHB Juan Figueroa
|
0-0: Called Strike 0-1: Swinging Strike 0-2: Ball 1-2: Strikes out swinging
|
|
Pinch Hitting: RHB John Boyer
|
0-0: Ball 1-0: Fly out, F9 (Flyball, 9D, EV 98.1 MPH)
|
| Top of the 8th over - 0 runs, 0 hits, 0 errors, 0 left on base; Grand Junction 2 - Kingsport 2 |
| BOTTOM OF THE 8TH |
|
Kingsport Mets batting - Pitching for Grand Junction Rockies : LHP Ryan Morlan
|
|
Pitching: RHP Jim Butler
|
|
|
Now in LF: Eddie Gonzalez
|
|
|
Batting: RHB Jack Nickleberry
|
0-0: Ball 1-0: Swinging Strike 1-1: Foul Ball, location: 2F 1-2: Ball 2-2: Ball 3-2: Foul Ball, location: 2F 3-2: Ground out 5-3 (Groundball, 56, EV 89.4 MPH)
|
|
Batting: SHB Jason Larson
|
0-0: Ball 1-0: Ball 2-0: Foul Ball, location: 2F 2-1: Foul Ball, location: 2F 2-2: Foul Ball, location: 2F 2-2: Fly out, F4 (Popup, 3S, EV 77.5 MPH)
|
|
Batting: LHB Jeremy Moorehead
|
0-0: Ball 1-0: Ball 2-0: Ground out 4-3 (Groundball, 4, EV 86.9 MPH)
|
| Bottom of the 8th over - 0 runs, 0 hits, 0 errors, 0 left on base; Grand Junction 2 - Kingsport 2 |
| TOP OF THE 9TH |
|
Grand Junction Rockies batting - Pitching for Kingsport Mets : LHP Scott Carr
|
|
Batting: RHB Henry Alvizo
|
0-0: Swinging Strike 0-1: Reached on error, E8 (Flyball, 8LD, EV 98.8 MPH)
|
|
Batting: SHB Bobby Santor
|
0-0: Ball 1-0: Fly out, F7 (Flyball, 78M, EV 86.9 MPH)
|
|
Batting: RHB Ryan Rinaldi
|
0-0: Called Strike 0-1: Swinging Strike 0-2: Ball Henry Alvizo steals 2nd base 1-2: Ground out 6-3 (Groundball, 6, EV 81.2 MPH) Henry Alvizo to third
|
|
Batting: RHB Elias Urbina
|
0-0: Intentional Walk
|
|
Batting: SHB Jamie Locke
|
0-0: Called Strike 0-1: Ball 1-1: Called Strike 1-2: Strikes out swinging, 2-3 out at first.
|
| Top of the 9th over - 0 runs, 0 hits, 1 error, 2 left on base; Grand Junction 2 - Kingsport 2 |
| BOTTOM OF THE 9TH |
|
Kingsport Mets batting - Pitching for Grand Junction Rockies : RHP Jim Butler
|
|
Pitching: RHP Mitch Guerrero
|
|
|
Batting: SHB Justin Wallace
|
0-0: Ball 1-0: Fly out, F2 (Popup, 2R, EV 94.4 MPH)
|
|
Batting: RHB Artyom Shavkunov
|
0-0: Called Strike 0-1: Ball 1-1: Foul Ball, location: 2F 1-2: Fly out, F9 (Flyball, 9S, EV 85.6 MPH)
|
|
Batting: SHB Callum Lynch
|
0-0: Ball 1-0: Ball 2-0: Ground out 6-3 (Groundball, 6M, EV 97.5 MPH)
|
| Bottom of the 9th over - 0 runs, 0 hits, 0 errors, 0 left on base; Grand Junction 2 - Kingsport 2 |
| TOP OF THE 10TH |
|
Grand Junction Rockies batting - Pitching for Kingsport Mets : LHP Scott Carr
|
|
Batting: RHB Kevin McKasson
|
0-0: Called Strike 0-1: Fly out, F8 (Line Drive, 8RM, EV 93.8 MPH)
|
|
Batting: RHB Matt Cone
|
0-0: Ball 1-0: Foul Ball, location: 2F 1-1: Fly out, F9 (Flyball, 9, EV 78.1 MPH)
|
|
Batting: RHB Juan Figueroa
|
0-0: Foul Ball, location: 2F 0-1: SINGLE (Groundball, 34S, EV 68.1 MPH) (infield hit)
|
|
Batting: LHB Eddie Gonzalez
|
0-0: Ball 1-0: Ball 2-0: Swinging Strike 2-1: Swinging Strike 2-2: Ground out U3 (Groundball, 3, EV 90.0 MPH)
|
| Top of the 10th over - 0 runs, 1 hit, 0 errors, 1 left on base; Grand Junction 2 - Kingsport 2 |
| BOTTOM OF THE 10TH |
|
Kingsport Mets batting - Pitching for Grand Junction Rockies : RHP Mitch Guerrero
|
|
Batting: RHB Frank Shaw
|
0-0: Called Strike 0-1: Called Strike 0-2: Ball 1-2: Ball 2-2: Strikes out swinging
|
|
Batting: SHB Jason Caruso
|
0-0: Called Strike 0-1: Ground out 5-3 (Groundball, 5S, EV 83.8 MPH)
|
|
Batting: SHB Nick Daigle
|
0-0: Ball 1-0: Swinging Strike 1-1: Ball 2-1: Called Strike 2-2: Strikes out looking
|
| Bottom of the 10th over - 0 runs, 0 hits, 0 errors, 0 left on base; Grand Junction 2 - Kingsport 2 |
| TOP OF THE 11TH |
|
Grand Junction Rockies batting - Pitching for Kingsport Mets : LHP Scott Carr
|
|
Pitching: RHP Thomas Clark
|
|
|
Batting: RHB Henry Alvizo
|
0-0: Called Strike 0-1: Foul Ball, location: 2F 0-2: Ball 1-2: Ball 2-2: SINGLE (Groundball, 6MD, EV 98.8 MPH)
|
|
Batting: SHB Bobby Santor
|
0-0: Ball 1-0: Called Strike 1-1: Foul Ball, location: 2F 1-2: Ball 2-2: Fly out, F7 (Flyball, 78D, EV 101.9 MPH)
|
|
Batting: RHB Ryan Rinaldi
|
0-0: Ball Henry Alvizo steals 2nd base (no throw) 1-0: Intentional Walk
|
|
Pinch Hitting: LHB Steve Gilliam
|
0-0: Ball Henry Alvizo steals 3rd base Ryan Rinaldi to second 1-0: Intentional Walk
|
|
Batting: SHB Jamie Locke
|
0-0: Ball 1-0: SINGLE (Groundball, 4MD, EV 98.8 MPH) Henry Alvizo scores Ryan Rinaldi to third Steve Gilliam to second Runner from 3rd tries for Home, SAFE, throw by CF to home
|
|
Batting: RHB Kevin McKasson
|
0-0: Ball 1-0: Called Strike 1-1: Ball Passed Ball! Steve Gilliam to third Jamie Locke to second 2-1: Ball 3-1: Base on Balls
|
|
Batting: RHB Matt Cone
|
0-0: Ball 1-0: Ball 2-0: Called Strike 2-1: Swinging Strike 2-2: Fly out, F7 (Flyball, 7S, EV 93.1 MPH)
|
|
Batting: RHB Juan Figueroa
|
0-0: Called Strike 0-1: Ball 1-1: TRIPLE (Flyball, 89XD, EV 106.9 MPH) Steve Gilliam scores Jamie Locke scores Kevin McKasson scores
|
|
Pitching: RHP Marvin Merino
|
|
|
Batting: LHB Eddie Gonzalez
|
0-0: Ball 1-0: Ball 2-0: Ball 3-0: Called Strike 3-1: TRIPLE (Line Drive, 7LD, EV 101.9 MPH) Juan Figueroa scores
|
|
Batting: RHB Henry Alvizo
|
0-0: Ball 1-0: Ball Wild Pitch! Eddie Gonzalez scores 2-0: Called Strike 2-1: Ball 3-1: Fly out, F6 (Flyball, 56D, EV 81.9 MPH)
|
| Top of the 11th over - 7 runs, 4 hits, 0 errors, 0 left on base; Grand Junction 9 - Kingsport 2 |
| BOTTOM OF THE 11TH |
|
Kingsport Mets batting - Pitching for Grand Junction Rockies : RHP Mitch Guerrero
|
|
Now in CF: Steve Gilliam
|
|
|
Batting: RHB Jack Nickleberry
|
0-0: Ball 1-0: Called Strike 1-1: Ball 2-1: Ball 3-1: Called Strike 3-2: Strikes out looking
|
|
Batting: SHB Jason Larson
|
0-0: Foul Ball, location: 2F 0-1: Called Strike 0-2: Ball 1-2: SINGLE (Groundball, 6MS, EV 69.4 MPH) (infield hit)
|
|
Batting: LHB Jeremy Moorehead
|
0-0: Ball 1-0: SINGLE (Line Drive, 7S, EV 106.9 MPH) Jason Larson to second
|
|
Batting: SHB Justin Wallace
|
0-0: Called Strike 0-1: DOUBLE (Line Drive, 7LM, EV 100.6 MPH) Jason Larson scores Jeremy Moorehead to third
|
|
Batting: RHB Artyom Shavkunov
|
0-0: Called Strike 0-1: Ball 1-1: Ball 2-1: Foul Ball, location: 2F 2-2: Foul Ball, location: 2F 2-2: Ball 3-2: Strikes out swinging
|
|
Batting: SHB Callum Lynch
|
0-0: Ground out U3 (Groundball, 3S, EV 85.6 MPH)
|
| Bottom of the 11th over - 1 run, 3 hits, 0 errors, 2 left on base; Grand Junction 9 - Kingsport 3 |
|